 Dungeon Crawl Stone Soup version 0.20.0-7-g3b7b877 (webtiles) character file.

315 Deemzul the Skirmisher (level 6, -6/45 HPs)
             Began as an Octopode Berserker on May 29, 2017.
             Was a Priest of Trog.
             Mangled by a gnoll
             ... wielding a +0 spear
              (8 damage)
             ... on level 4 of the Dungeon.
             The game lasted 00:02:09 (2354 turns).

Deemzul the Skirmisher (Octopode Berserker)         Turns: 2354, Time: 00:02:10

Health: -6/45      AC:  1    Str: 17    XL:     6   Next: 43%
Magic:  6/6        EV: 15    Int:  9    God:    Trog [***...]
Gold:   221        SH:  0    Dex: 13    Spells: 5/5 levels left

rFire    . . .     SeeInvis .   a - +0 hand axe
rCold    + . .     Gourm    .   (no shield)
rNeg     . . .     Faith    .   (helmet restricted)
rPois    .         Spirit   .   (no amulet)
rElec    .         Reflect  .   u - ring of protection from cold
rCorr    .         Harm     .   (no ring)
MR       .....                  (no ring)
Stlth    +++.......             (no ring)
Regen    0.2/turn               (no ring)
MPRegen  0.1/turn               (no ring)
                                (no ring)
                                (no ring)

@: no status effects
A: almost no armour, stealthy swim, amphibious, 8 rings, constrict 8, camouflage
1, gelatinous body 1
a: Berserk, Trog's Hand, Burn Spellbooks, Renounce Religion


You were on level 4 of the Dungeon.
You worshipped Trog.
Trog was most pleased with you.
You were near starving.

You visited 1 branch of the dungeon, and saw 4 of its levels.

You collected 221 gold pieces.

Inventory:

Hand Weapons
 a - a +0 hand axe (weapon)
Jewellery
 j - an uncursed ring of fire
 u - a ring of protection from cold (left tentacle)
Wands
 y - a wand of flame (19/48)
Scrolls
 c - 2 scrolls of blinking {unknown}
 e - a scroll of fog {unknown}
 h - 2 scrolls of recharging {unknown}
 i - a scroll of immolation {unknown}
 m - 3 scrolls of remove curse {unknown}
 p - a scroll of fear {unknown}
 r - 3 scrolls of enchant armour {unknown}
 s - a scroll of amnesia {unknown}
 w - 4 scrolls of identify {unknown}
 x - a scroll of random uselessness {unknown}
Potions
 f - a potion of ambrosia {unknown}
 g - a potion of flight {unknown}
 k - a potion of lignification {unknown}
 n - a potion of heal wounds {unknown}
 q - 3 potions of agility {unknown}
 t - a potion of berserk rage {unknown}
 v - 2 potions of curing {unknown}
Comestibles
 b - 3 bread rations
 d - 3 royal jellies
 l - a meat ration
 o - 2 fruits


   Skills:
 * Level 5.0 Fighting
 * Level 4.3 Axes
 + Level 3.8 Dodging
 + Level 3.7 Stealth


You had 5 spell levels left.
You didn't know any spells.

Dungeon Overview and Level Annotations

Branches:
Dungeon (4/15)
 Temple: D:4-7

Altars:
Kikubaaqudgha
Okawaru
Sif Muna
Yredelemnul


Innate Abilities, Weirdness & Mutations

You cannot wear most types of armour.
You are very stealthy in the water. (Stealth+)
You are amphibious.
You can wear up to eight rings at the same time.
You can use your tentacles to constrict eight enemies at once.
Your skin changes colour to match your surroundings (Stealth+).
Your rubbery body absorbs attacks. (AC +1, EV +1)


Message History

The frilled lizard hisses angrily.
You slash the gnoll! You grab the gnoll. You squeeze the gnoll.
You kill the gnoll!
Trog accepts your kill.
You hit the gnoll. You hit the gnoll but do no damage.
The gnoll hits you with a spear! The gnoll hits you with a halberd!
The gnoll hits you with a spear.
You hit the gnoll. You grab the gnoll. You squeeze the gnoll.
The gnoll is heavily wounded.
You hit the gnoll.
You constrict the gnoll, but do no damage.
The gnoll barely misses you. The gnoll hits you with a spear!
* * * LOW HITPOINT WARNING * * *
Unknown command.
You hit the gnoll but do no damage.
The gnoll is heavily wounded.
You hit the gnoll. You constrict the gnoll. The gnoll hits you with a halberd!
* * * LOW HITPOINT WARNING * * *
The gnoll hits you with a spear!
You die...

### #########.#
..#.......# ##.#.#####.# #
#..#.# #.# #.##.#.#####.#
#..........#.#
####..####.#.# #g@# #.#
#g)# #.# #..# #.# #.l#
#.######### #..#
#.#........ ....
#.#.#######
################.#.......#
#................#.<..)..#
#........#########....)..#


You could see 2 gnolls and a frilled lizard.

Vanquished Creatures
  Duvessa (D:4)
  Dowan (D:4)
  Jessica (D:2)
  A worker ant (D:3)
  2 gnolls
  An adder (D:2)
  2 worms (D:2)
  3 dart slugs (D:1)
  2 leopard geckos (D:3)
  2 giant cockroaches (D:2)
  13 goblins
  7 hobgoblins
  3 jackals (D:1)
  2 quokkas
  A ball python (D:3)
  6 bats
  2 frilled lizards
  10 kobolds
  5 rats
65 creatures vanquished.

Notes
Turn   | Place    | Note
-------+----------+-------------------------------------------
     0 | D:1      | Deemzul the Octopode Berserker began the quest for the Orb.
     0 | D:1      | Reached XP level 1. HP: 16/16 MP: 1/1
   104 | D:1      | Reached XP level 2. HP: 1/21 MP: 2/2
   474 | D:1      | Reached skill level 1 in Stealth
   476 | D:1      | Reached XP level 3. HP: 20/26 MP: 3/3
   574 | D:1      | Reached ** piety under Trog
  1174 | D:2      | Reached XP level 4. HP: 30/33 MP: 4/4
  1314 | D:2      | Noticed Jessica
  1320 | D:2      | Killed Jessica
  1320 | D:2      | Reached skill level 4 in Fighting
  1364 | D:2      | Found an iron altar of Okawaru.
  1459 | D:2      | Found a deep blue altar of Sif Muna.
  1486 | D:3      | Found a basalt altar of Yredelemnul.
  1567 | D:3      | Reached XP level 5. HP: 22/37 MP: 5/5
  1784 | D:3      | Found an ancient bone altar of Kikubaaqudgha.
  2178 | D:3      | Reached *** piety under Trog
  2287 | D:4      | Noticed Duvessa
  2287 | D:4      | Noticed Dowan
  2293 | D:4      | Killed Duvessa
  2293 | D:4      | Reached XP level 6. HP: 45/45 MP: 6/6
  2293 | D:4      | Killed Dowan
  2293 | D:4      | Reached skill level 5 in Fighting
  2354 | D:4      | HP: 2/45 [gnoll/halberd (8)]
  2354 | D:4      | Mangled by a gnoll

Skill      XL: |  1  2  3  4  5  6 |
---------------+-------------------+-----
Stealth        | 1 2 3 |  3.7
Fighting       | 4 5 |  5.0
Axes           | 4 |  4.3
Dodging        | |  3.8

Action                   |  1- 3 |  4- 6 || total
-------------------------+-------+-------++-------
Melee: Hand axe          |    67 |    53 ||   120
       Constrict         |    21 |    15 ||    36
       Tentacles         |    14 |    12 ||    26
Invok: Berserk           |       |     2 ||     2
 Stab: Sleeping          |     8 |     7 ||    15
  Eat: Chunk             |     1 |     4 ||     5
Armor: Skin              |     9 |     6 ||    15
Dodge: Dodged            |    39 |    37 ||    76
